 Dungeon Crawl Stone Soup version 0.32-a0-128-g77eb882913 (webtiles) character file.

Game seed: 1583540445427092138

100 Nattfarinn the Magician (level 4, 0/39 HPs)
             Began as an Oni Necromancer on Feb 8, 2024.
             Killed by divine providence
             ... invoked by an orc priest
              (15 damage)
             ... on level 3 of the Dungeon.
             The game lasted 00:03:07 (3195 turns).

Nattfarinn the Magician (Oni Necromancer)           Turns: 3195, Time: 00:03:07

Health: 0/39       AC:  3    Str: 12    XL:     4   Next: 74%
Magic:  1/10       EV: 10    Int: 18    God:
Gold:   106        SH:  5    Dex: 15    Spells: 11/12 levels left

rFire   . . .        (no weapon)
rCold   . . .        (no shield)
rNeg    . . .        a - +0 robe
rPois   .            (helmet restricted)
rElec   .            (no cloak)
rCorr   .            (gloves unavailable)
SInv    .            (boots unavailable)
Will    .....        e - amulet of reflection
Stlth   ++           m - +6 ring of dexterity
HPRegen 0.26/turn    (no ring)
MPRegen 0.12/turn

%: reflection
@: no status effects
A: large, unfitting armour, horns 1, tough skin 1, double potion healing,
drunken brawling
a: no special abilities


You were on level 3 of the Dungeon.
You visited 1 branch of the dungeon, and saw 4 of its levels.

You collected 106 gold pieces.

Inventory:

Armour
 a - a +0 robe (worn)
Jewellery
 e - an amulet of reflection (around neck)
 m - a +6 ring of dexterity (left hand)
Scrolls
 d - a scroll of blinking {unknown}
 f - a scroll of fear {unknown}
 g - a scroll of immolation {unknown}
 h - a scroll of revelation {unknown}
 i - a scroll of enchant weapon {unknown}
 k - 3 scrolls of teleportation {unknown}
 l - 2 scrolls of identify {unknown}
 n - a scroll of summoning {unknown}
Potions
 b - a potion of magic
 c - 2 potions of might {unknown}
 j - a potion of attraction {unknown}
 o - a potion of brilliance {unknown}
 p - a potion of curing {unknown}


   Skills:
 - Level 1.7 Dodging
 - Level 1.4 Stealth
 * Level 4.6 Spellcasting
 + Level 4.3 Necromancy


You had 11 spell levels left.
You knew the following spells:

 Your Spells              Type           Power      Damage    Failure   Level
a - Necrotise             Necr           76%        1d7       2%          1

Your spell library contained the following spells:

 Spells                   Type           Power      Damage    Failure   Level
 Vampiric Draining        Necr           19%        2d7       7%          3
 Animate Dead             Necr           19%        N/A       24%         4
 Call Canine Familiar     Summ           4%         N/A       38%         3
 Sigil of Binding         Hex            4%         N/A       38%         3
 Curse of Agony           Necr           19%        N/A       54%         5
 Dimensional Bullseye     Hex/Tloc       2%         N/A       80%         4


Dungeon Overview and Level Annotations

Branches:
Dungeon (4/15)
 Temple: D:4-7

Altars:
Dithmenos
Nemelex Xobeh
Okawaru
Uskayaw

Shops:
D:2 =

Annotations:
D:2 1 runed translucent door, Crazy Yiuf


Innate Abilities, Weirdness & Mutations

You are too large for most types of armour.
You have a pair of small horns on your head.
You have tough skin. (AC +1)
You gain doubled healing and magic from potions.
Whenever you drink a healing potion, you attack all around you.


Message History

The dead are walking!
Your goblin skeleton hits the orc but does no damage.
The orc hits your goblin skeleton with a +0 hand axe.
The orc hits your orc skeleton with a +0 hand axe.
You block the orc's attack.
Your goblin skeleton closely misses the orc.
The orc priest looks encouraged for a moment.
The orc hits you with a +0 hand axe.
The orc hits your goblin skeleton with a +0 hand axe.
The orc hits your orc skeleton with a +0 hand axe.
You climb upwards.
Your mindless puppet stays behind to rot.
There is a stone staircase leading down here.
The orc priest barely resists.
The orc hits you with a +0 hand axe. The orc priest barely misses you.
The orc priest writhes in agony!
The orc hits you with a +0 hand axe.
The orc priest hits you with a +0 flail.
The orc priest barely resists.
The orc hits you with a +0 hand axe. The orc priest closely misses you.
You are too injured to fight recklessly!
You are too injured to fight recklessly!
You are too injured to fight recklessly!
You are too injured to fight recklessly!
Unknown command.
Casting: Necrotise (safe; 2% risk of failure)
Confirm with . or Enter, or press ? or * to list all spells.
Aiming: Necrotise (safe; 2% risk of failure)
Press: ? - help, Shift-Dir - straight line, f/p - orc priest
Aim: an orc priest, wielding a +0 flail (heavily wounded, chance to affect: 78%)
The orc priest writhes in agony.
You block the orc's attack. The orc priest barely misses you.
Casting: Necrotise (safe; 2% risk of failure)
Confirm with . or Enter, or press ? or * to list all spells.
Aiming: Necrotise (safe; 2% risk of failure)
Press: ? - help, Shift-Dir - straight line, f/p - orc priest
Aim: an orc priest, wielding a +0 flail (severely wounded, chance to affect: 78%)
The orc priest writhes in agony.
The orc hits you with a +0 hand axe.
The orc priest invokes the aid of Beogh against you.
Beogh smites you!
You die...

# ##....# #######.............#.
# ##..######...........)..####...
###...# #....#.....###..### ###.
##..#.###.####.#######..# #.
...#......###..#####....# #.
.###....####......#.)##.# #. ##
#....# #........###.# #. ##
#....# #.....P.## #.# #. .#
#....####....@o..♣##.# ##. .#
##..........o......#.#######..
.## #.######....♣..P..P.#........
..###..>.#######..♣~♣..P..###..##
#..##.##...# #.~~~~~...###..##
##.##.####.### #P~♣~~~~..##..##
#..#.# #...###..♣~~♣~.###.##
###...# ###.##...~♣~~~P# #.# ###
......## ##.).....~.~♣.# #.# #..


You could see an orc priest and an orc.

Vanquished Creatures
  An orc wizard (D:3)
  2 adders (D:3)
  A dart slug (D:3)
  5 orcs
  4 endoplasms
  A giant cockroach (D:3)
  9 goblins
  3 hobgoblins
  9 ball pythons
  3 bats
  3 frilled lizards
  4 kobolds
  3 rats
48 creatures vanquished.

Vanquished Creatures (collateral kills)
  A dart slug (D:2)
1 creature vanquished.

Grand Total: 49 creatures vanquished

Notes
Turn   | Place    | Note
-------+----------+-------------------------------------------
     0 | D:1      | Nattfarinn the Oni Necromancer began the quest for the Orb.
     0 | D:1      | Reached XP level 1. HP: 16/16 MP: 3/3
   211 | D:1      | Found a faded altar of an unknown god.
   300 | D:1      | Reached XP level 2. HP: 19/24 MP: 1/5
  1491 | D:2      | Reached XP level 3. HP: 31/31 MP: 5/8
  1659 | D:2      | Found Xulistrekh's Jewellery Emporium.
  1795 | D:2      | Found a runed translucent door.
  1796 | D:2      | Noticed Crazy Yiuf
  2255 | D:3      | Found a sparkling altar of Nemelex Xobeh.
  2410 | D:3      | Reached XP level 4. HP: 25/39 MP: 3/10
  2654 | D:3      | Found a hide-covered altar of Uskayaw.
  2679 | D:3      | Found an iron altar of Okawaru.
  2994 | D:3      | Found a shadowy altar of Dithmenos.
  3195 | D:3      | Killed from afar by an orc priest

Illustrated notes

Levels and vault maps discovered:
D:1:      amcnicky_arrival_abandoned_market, layout_basic,
          shapermc_ecumenical_altar_flowoftime, solitary_fountain
D:2:      layout_rooms, serial_shops, nicolae_shop_statue_plus,
          uniq_crazy_yiuf_cottage
D:3:      layout_rooms, lemuel_round_altar, mainiacjoe_overflow_six_doors_small,
          mainiacjoe_overflow_catch_the_wave, serial_bayou,
          serial_bayou_crossing, serial_bayou_pond_c, serial_bayou_lake_a,
          serial_bayou_pond_a
D:4:      minmay_inner_zag, layout_basic, lemuel_doored_altar, kennysheep_nub

Skill      XL: |  1  2  3 |
---------------+----------+-----
Spellcasting   | 3 4 |  4.6
Necromancy     | 4 |  4.3
Dodging        | |  1.7
Stealth        | |  1.4

Action                     |  1- 3 |  4- 6 || total
---------------------------+-------+-------++-------
  Melee: Unarmed           |    21 |       ||    21
         Headbutt          |     3 |       ||     3
   Cast: Necrotise         |    74 |    31 ||   105
 Armour: Robe              |    17 |    10 ||    27
  Dodge: Dodged            |     8 |     5 ||    13
  Block: Other             |     2 |     2 ||     4

Table legend: (Time is in decaauts)
 A = Elapsed time spent in this place.
 B = Non-inter-level travel time spent in this place.
 C = Inter-level travel time spent in this place.
 D = Time resting spent in this place.
 E = Time spent auto-exploring this place.
 F = Levels seen in this place.
 G = Mean time per level.
                   A        B        C        D        E       F      G
               +--------+--------+--------+--------+--------+-----+--------+
         Total |   3195 |   3023 |    172 |     78 |   2597 |   4 |  798.8 |
       Dungeon |   3195 |   3023 |    172 |     78 |   2597 |   4 |  798.8 |
               +--------+--------+--------+--------+--------+-----+--------+

Top non-repeatable levels by time:
     D:1: 1273 daAuts
     D:3: 1180 daAuts
     D:2: 735 daAuts
     D:4: 6 daAuts
